[Event "Kupreichik Memorial Rapid 2019"]
[Site "Minsk"]
[Date "2019.08.16"]
[Round "4.19"]
[White "Khrapko, Marharyta"]
[Black "Tsaruk, Maksim"]
[Result "0-1"]
[ECO "C95"]
[WhiteElo "2073"]
[BlackElo "2230"]
[Annotator "NA"]
[PlyCount "88"]
[EventDate "2019.08.15"]
[EventType "swiss"]
[EventCountry "BLR"]
[SourceTitle "playchess.com"]
[Source "ChessBase"]
[SourceQuality "1"]
[TimeControl "900+10"]

1. e4 e5 2. Nf3 Nc6 3. Bb5 a6 4. Ba4 Nf6 5. O-O b5 6. Bb3 Be7 7. Re1 O-O 8. h3 d6 9. c3 Nb8 10. d4 Nbd7 11. Nbd2 Bb7 12. Bc2 Re8 13. Nf1 Bf8 14. Ng3 g6 15. b3 c6 16. Bb2 Bg7 17. c4 exd4 18. Bxd4 Qc7 19. Rc1 Rad8 20. Bd3 Qa5 21. Qc2 Ne5 22. Nxe5 dxe5 23. Be3 Nd7 24. c5 Nf8 25. Bg5 Rd7 26. Be2 Ne6 27. Be3 Nd4 28. Qb2 h5 29. b4 Qd8 30. a4 Kh7 31. Ra1 Qh4 32. axb5 axb5 33. Ra7 Bc8 34. Rea1 Rxa7 35. Rxa7 Be6 36. Qd2 Rd8 37. Bd3 Bf6 38. Qc3 Bg5 39. Kh2 Bxe3 40. fxe3 Nf3+ 41. gxf3 Qxh3+ 42. Kg1 Qxg3+ 43. Kf1 Qxf3+ 44. Ke1 Qxe3+ 0-1

[Event "Kupreichik Memorial Rapid 2019"]
[Site "Minsk"]
[Date "2019.08.16"]
[Round "4.20"]
[White "Leinov, Roman"]
[Black "Tyurin, Artem"]
[Result "1-0"]
[ECO "E04"]
[WhiteElo "2189"]
[BlackElo "2057"]
[Annotator "NA"]
[PlyCount "111"]
[EventDate "2019.08.15"]
[EventType "swiss"]
[EventCountry "BLR"]
[SourceTitle "playchess.com"]
[Source "ChessBase"]
[SourceQuality "1"]
[TimeControl "900+10"]

1. c4 e6 2. Nf3 Nf6 3. g3 d5 4. d4 dxc4 5. Bg2 c5 6. O-O Nc6 7. Ne5 Bd7 8. Na3 cxd4 9. Naxc4 Rc8 10. Qb3 Nxe5 11. Nxe5 b6 12. e3 dxe3 13. Bxe3 Bd6 14. Nxd7 Qxd7 15. Rad1 Qe7 16. Qa4+ Kf8 17. Rd3 Nd7 18. Qxa7 Nc5 19. Qxe7+ Kxe7 20. Rd2 Rhd8 21. Rfd1 Na4 22. b3 Nc3 23. Bxb6 Nxd1 24. Bxd8+ Rxd8 25. Rxd1 Ba3 26. Rxd8 Kxd8 27. Kf1 Kc7 28. Ke2 Kd6 29. Kd3 Kc5 30. Bf3 f6 31. Bg4 f5 32. Bh5 g6 33. Bd1 e5 34. f3 Kb4 35. Kd2 Bb2 36. Kc2 Bd4 37. Be2 Bg1 38. h3 Bf2 39. g4 f4 40. a4 Bc5 41. Bc4 Bb6 42. Kd3 Bc5 43. Ke4 Bd4 44. Kd5 Bc3 45. Ke6 Bd4 46. Kf7 Bc3 47. g5 e4 48. fxe4 f3 49. Kg8 Bd2 50. h4 h5 51. Kf7 Bxg5 52. hxg5 h4 53. Bf1 Kc3 54. e5 Kd2 55. e6 Ke1 56. Bh3 1-0

[Event "Kupreichik Memorial Rapid 2019"]
[Site "Minsk"]
[Date "2019.08.16"]
[Round "4.21"]
[White "Vashchilov, Sergey"]
[Black "Kolosovskaya, Olga"]
[Result "1/2-1/2"]
[ECO "C11"]
[WhiteElo "2162"]
[BlackElo "1719"]
[Annotator "NA"]
[PlyCount "64"]
[EventDate "2019.08.15"]
[EventType "swiss"]
[EventCountry "BLR"]
[SourceTitle "playchess.com"]
[Source "ChessBase"]
[SourceQuality "1"]
[TimeControl "900+10"]

1. d4 d5 2. Nc3 Nf6 3. Bg5 e6 4. e4 dxe4 5. Nxe4 Be7 6. Bxf6 Bxf6 7. c3 O-O 8. f4 Bh4+ 9. g3 Be7 10. Nf3 b6 11. Bd3 Bb7 12. Qe2 c5 13. dxc5 bxc5 14. O-O-O Qa5 15. Kb1 Nd7 16. Rhe1 Nf6 17. Ne5 Rad8 18. Ng5 Qb6 19. c4 g6 20. h4 Nh5 21. Qe3 Bf6 22. Rd2 Ng7 23. Ng4 Bd4 24. Nh6+ Kh8 25. Nhxf7+ Rxf7 26. Nxf7+ Kg8 27. Nh6+ Kh8 28. Nf7+ Kg8 29. Nh6+ Kh8 30. Nf7+ Kg8 31. Nh6+ Kf8 32. Qe2 Bc3 1/2-1/2

[Event "Kupreichik Memorial Rapid 2019"]
[Site "Minsk"]
[Date "2019.08.16"]
[Round "4.23"]
[White "Stanishevskij, Aleksandr"]
[Black "Veremeichik, Vladimir"]
[Result "0-1"]
[ECO "B31"]
[WhiteElo "1830"]
[BlackElo "2282"]
[Annotator "NA"]
[PlyCount "89"]
[EventDate "2019.08.15"]
[EventType "swiss"]
[EventCountry "BLR"]
[SourceTitle "playchess.com"]
[Source "ChessBase"]
[SourceQuality "1"]
[TimeControl "900+10"]

1. e4 c5 2. Nf3 Nc6 3. Bb5 g6 4. O-O Bg7 5. c3 Nf6 6. Re1 O-O 7. d4 d5 8. e5 Ne4 9. Nbd2 cxd4 10. cxd4 Qb6 11. Bxc6 Qxc6 12. Nxe4 dxe4 13. Nd2 Rd8 14. Rxe4 Bf5 15. Re1 Rxd4 16. Qb3 Rad8 17. Nf1 b6 18. Ng3 Bc8 19. Bg5 Be6 20. Qa3 f6 21. exf6 exf6 22. Be3 Ra4 23. Qe7 Re8 24. Rac1 Rxe7 25. Rxc6 Bxa2 26. h3 Rc4 27. Rxc4 Bxc4 28. Rc1 Bb5 29. Bd4 h5 30. Nf1 Bxf1 31. Kxf1 f5 32. Bxg7 Kxg7 33. Rc6 h4 34. Rd6 Kh6 35. Rc6 Kg5 36. Rd6 Re4 37. Rd2 a5 38. f3 Rb4 39. Kf2 Kf4 40. Rc2 b5 41. Rd2 a4 42. Rc2 Rc4 43. Rd2 b4 44. Re2 b3 45. Ke1 0-1

[Event "Kupreichik Memorial Rapid 2019"]
[Site "Minsk"]
[Date "2019.08.16"]
[Round "4.25"]
[White "Zverev, Lev"]
[Black "Tarasionak, Arseni"]
[Result "1-0"]
[ECO "B42"]
[WhiteElo "1881"]
[BlackElo "1209"]
[Annotator "NA"]
[PlyCount "35"]
[EventDate "2019.08.15"]
[EventType "swiss"]
[EventCountry "BLR"]
[SourceTitle "playchess.com"]
[Source "ChessBase"]
[SourceQuality "1"]
[TimeControl "900+10"]

1. e4 c5 2. Nf3 e6 3. d4 cxd4 4. Nxd4 a6 5. Bd3 Nf6 6. O-O Bc5 7. Nb3 Be7 8. c4 Nc6 9. Qe2 O-O 10. Nc3 Ne5 11. Bc2 Qc7 12. Bf4 Bd6 13. Nd2 Nxc4 14. Bxd6 Nxd6 15. e5 Nd5 16. exd6 Nxc3 17. Qd3 Ne2+ 18. Kh1 1-0

[Event "Kupreichik Memorial Rapid 2019"]
[Site "Minsk"]
[Date "2019.08.16"]
[Round "4.26"]
[White "Kochetkov, Vitali"]
[Black "Kashtelyan, Valentin"]
[Result "1-0"]
[ECO "A05"]
[WhiteElo "2266"]
[BlackElo "1488"]
[Annotator "NA"]
[PlyCount "83"]
[EventDate "2019.08.15"]
[EventType "swiss"]
[EventCountry "BLR"]
[SourceTitle "playchess.com"]
[Source "ChessBase"]
[SourceQuality "1"]
[TimeControl "900+10"]

1. Nf3 Nf6 2. d4 e6 3. c4 d5 4. g3 c6 5. Qc2 g6 6. Bg2 Bg7 7. O-O O-O 8. Nbd2 Nbd7 9. b3 b5 10. e4 dxe4 11. Nxe4 Nxe4 12. Qxe4 Bb7 13. Ba3 Re8 14. Rad1 Nf6 15. Qe3 Ng4 16. Qf4 Nf6 17. Ne5 Rc8 18. g4 Qc7 19. g5 Nh5 20. Qe4 Ba8 21. c5 Bxe5 22. dxe5 Ng7 23. Bf3 Nf5 24. Bg4 Bb7 25. Bxf5 exf5 26. Qh4 Qxe5 27. f3 Rcd8 28. Qf2 Qf4 29. Bc1 Qe5 30. Bb2 Qe6 31. Bf6 Rxd1 32. Rxd1 h5 33. Bb2 f4 34. Bc3 Qf5 35. Qd4 Qxg5+ 36. Kh1 Qh6 37. Rg1 Qf8 38. Qd7 Re2 39. Qxb7 Qxc5 40. Ba1 Re6 41. Qb8+ Qf8 42. Qxf4 1-0

[Event "Kupreichik Memorial Rapid 2019"]
[Site "Minsk"]
[Date "2019.08.16"]
[Round "4.27"]
[White "Kalinin, Dmitry"]
[Black "Nikolaev, Dmitry"]
[Result "1-0"]
[ECO "A48"]
[WhiteElo "2119"]
[BlackElo "1677"]
[Annotator "NA"]
[PlyCount "65"]
[EventDate "2019.08.15"]
[EventType "swiss"]
[EventCountry "BLR"]
[SourceTitle "playchess.com"]
[Source "ChessBase"]
[SourceQuality "1"]
[TimeControl "900+10"]

1. Nf3 Nf6 2. d4 g6 3. c4 Bg7 4. Nc3 d5 5. cxd5 Nxd5 6. Qb3 Nxc3 7. bxc3 c5 8. e3 O-O 9. Be2 Nc6 10. O-O cxd4 11. cxd4 b6 12. Bb2 Bb7 13. Rac1 Na5 14. Qa4 a6 15. Rfd1 b5 16. Qb4 Nc6 17. Qd2 e6 18. e4 Qb6 19. d5 Bxb2 20. Qxb2 exd5 21. exd5 Na5 22. Ng5 Rac8 23. Ne4 f6 24. Rxc8 Bxc8 25. d6 Bf5 26. Nxf6+ Rxf6 27. Qxf6 Nc4 28. Bxc4+ bxc4 29. Qe7 c3 30. d7 Bxd7 31. Qxd7 c2 32. Qc8+ Kg7 33. Qxc2 1-0

[Event "Kupreichik Memorial Rapid 2019"]
[Site "Minsk"]
[Date "2019.08.16"]
[Round "4.28"]
[White "Arlou, Valery"]
[Black "Spizharny, Mikhail"]
[Result "1/2-1/2"]
[ECO "D02"]
[WhiteElo "1759"]
[BlackElo "2079"]
[Annotator "NA"]
[PlyCount "78"]
[EventDate "2019.08.15"]
[EventType "swiss"]
[EventCountry "BLR"]
[SourceTitle "playchess.com"]
[Source "ChessBase"]
[SourceQuality "1"]
[TimeControl "900+10"]

1. d4 Nf6 2. Nf3 d5 3. Bf4 g6 4. h3 Bg7 5. e3 O-O 6. Bd3 c5 7. c3 b6 8. Ne5 Bb7 9. Nd2 Nc6 10. Nxc6 Bxc6 11. Nf3 Nd7 12. O-O Re8 13. Rc1 e5 14. dxe5 Nxe5 15. Nxe5 Bxe5 16. Bxe5 Rxe5 17. Be2 Qc7 18. Bf3 Rd8 19. Qc2 f5 20. Rfd1 Re7 21. Qb3 Red7 22. Rd2 Rd6 23. Rcd1 Qd7 24. Qa3 a5 25. b3 g5 26. c4 d4 27. Bxc6 Qxc6 28. exd4 cxd4 29. Qb2 Qc5 30. Rd3 Kf7 31. Qd2 Kf6 32. Qe2 h6 33. Qh5 Kg7 34. Re1 Rf6 35. Qe2 Kf7 36. Qh5+ Kg7 37. Qe2 Kf7 38. Qh5+ Kg7 39. Qe2 Kf7 1/2-1/2

[Event "Kupreichik Memorial Rapid 2019"]
[Site "Minsk"]
[Date "2019.08.16"]
[Round "4.29"]
[White "Karlov, Egor"]
[Black "Rataika, Mikalai"]
[Result "1-0"]
[ECO "E73"]
[WhiteElo "1728"]
[BlackElo "1920"]
[Annotator "NA"]
[PlyCount "121"]
[EventDate "2019.08.15"]
[EventType "swiss"]
[EventCountry "BLR"]
[SourceTitle "playchess.com"]
[Source "ChessBase"]
[SourceQuality "1"]
[TimeControl "900+10"]

1. d4 Nf6 2. c4 g6 3. Nc3 Bg7 4. e4 d6 5. Be2 O-O 6. Be3 e5 7. d5 a5 8. g4 Na6 9. h4 Nc5 10. f3 Ne8 11. Qd2 f5 12. gxf5 gxf5 13. Bh6 f4 14. Bxg7 Nxg7 15. O-O-O Nh5 16. Bf1 Rf7 17. Rh2 Nd7 18. Bh3 Ndf6 19. Bxc8 Rxc8 20. Nh3 h6 21. Rg1+ Rg7 22. Rxg7+ Nxg7 23. Qg2 Nfh5 24. Nf2 Ng3 25. Nh1 N7h5 26. Ne2 Kh7 27. Nhxg3 fxg3 28. Nxg3 Nf4 29. Qf1 Qg8 30. Ne2 Qf7 31. Kc2 Rf8 32. Qf2 Qh5 33. Ng3 Qe8 34. Nf5 Qa4+ 35. Kb1 Qxc4 36. Rh1 Rg8 37. Rg1 Qd3+ 38. Ka1 Rxg1+ 39. Qxg1 Ng2 40. a3 Qxf3 41. Qc1 Nf4 42. Qxc7+ Kg6 43. Qg7+ Kh5 44. Ng3+ Kxh4 45. Nf5+ Kh3 46. Qxh6+ Qh5 47. Qxh5+ Nxh5 48. Nxd6 Nf6 49. Nxb7 a4 50. d6 Kg4 51. Nc5 Kf4 52. Kb1 Ke3 53. d7 Nxd7 54. Nxd7 Kxe4 55. Kc2 Kd4 56. Nxe5 Kxe5 57. Kc3 Kd5 58. Kb4 Kd4 59. Kxa4 Kc4 60. b3+ Kc3 61. b4 1-0

[Event "Kupreichik Memorial Rapid 2019"]
[Site "Minsk"]
[Date "2019.08.16"]
[Round "4.30"]
[White "Strizhnev, Ivan"]
[Black "Talma, Sergei"]
[Result "0-1"]
[ECO "B28"]
[WhiteElo "1394"]
[BlackElo "1882"]
[Annotator "NA"]
[PlyCount "77"]
[EventDate "2019.08.15"]
[EventType "swiss"]
[EventCountry "BLR"]
[SourceTitle "playchess.com"]
[Source "ChessBase"]
[SourceQuality "1"]
[TimeControl "900+10"]

1. e4 c5 2. Nf3 a6 3. Nc3 Nc6 4. d4 cxd4 5. Nxd4 e5 6. Nb3 Nf6 7. Bg5 Bb4 8. Be2 h6 9. Bxf6 Bxc3+ 10. bxc3 Qxf6 11. O-O O-O 12. Nd2 Na5 13. Rb1 Qc6 14. c4 d6 15. Qc1 Be6 16. Rb4 b6 17. Qb2 Rab8 18. Rb1 Rfc8 19. Rxb6 Rxb6 20. Qxb6 Qxb6 21. Rxb6 Bxc4 22. Nxc4 Nxc4 23. Rxa6 f5 24. exf5 d5 25. f3 Ne3 26. Bd3 Nxc2 27. a3 Ne1 28. Be2 Rc2 29. Bf1 d4 30. Ra5 d3 31. Rxe5 d2 32. Be2 Nd3 33. Bd1 Rc1 34. Re8+ Kf7 35. Kf1 Rxd1+ 36. Ke2 Re1+ 37. Kxd2 Rxe8 38. Kxd3 Ra8 39. Kd4 0-1

[Event "Kupreichik Memorial Rapid 2019"]
[Site "Minsk"]
[Date "2019.08.16"]
[Round "4.31"]
[White "Melekhov, Artyom"]
[Black "Masjuk, Vladimir"]
[Result "0-1"]
[ECO "C44"]
[WhiteElo "1471"]
[BlackElo "1900"]
[Annotator "NA"]
[PlyCount "84"]
[EventDate "2019.08.15"]
[EventType "swiss"]
[EventCountry "BLR"]
[SourceTitle "playchess.com"]
[Source "ChessBase"]
[SourceQuality "1"]
[TimeControl "900+10"]

1. e4 e5 2. Nf3 Nc6 3. d4 exd4 4. Nxd4 d6 5. Bc4 Nf6 6. Nc3 Be7 7. O-O Ne5 8. Be2 O-O 9. f4 Ng6 10. Nf3 Bg4 11. f5 Bxf3 12. Rxf3 Ne5 13. Rg3 c6 14. Bf4 Qb6+ 15. Kh1 Rad8 16. Qc1 Kh8 17. Be3 Qc7 18. Qf1 b5 19. a3 a5 20. b4 axb4 21. axb4 Ra8 22. Rb1 Ra3 23. Bc1 Ra6 24. Bb2 Rfa8 25. Qf4 Nfd7 26. Rh3 Bf6 27. g4 Qd8 28. Bc1 Nc4 29. Bxc4 bxc4 30. g5 Be5 31. Qh4 Nf8 32. Qh5 Ra1 33. Rxa1 Rxa1 34. Qd1 Bf4 35. Ne2 Bxc1 36. g6 fxg6 37. Nxc1 gxf5 38. Rg3 fxe4 39. Kg2 Ng6 40. Qd2 d5 41. Ne2 Qf6 42. c3 Qf1# 0-1

[Event "Kupreichik Memorial Rapid 2019"]
[Site "Minsk"]
[Date "2019.08.16"]
[Round "4.32"]
[White "Karmishyn, Vadzim"]
[Black "Dvurechensky, Viacheslav"]
[Result "0-1"]
[ECO "A11"]
[WhiteElo "1494"]
[BlackElo "1840"]
[Annotator "NA"]
[PlyCount "38"]
[EventDate "2019.08.15"]
[EventType "swiss"]
[EventCountry "BLR"]
[SourceTitle "playchess.com"]
[Source "ChessBase"]
[SourceQuality "1"]
[TimeControl "900+10"]

1. c4 c6 2. e3 d5 3. Nc3 Nf6 4. Nf3 Bg4 5. b3 e5 6. h3 Bxf3 7. Qxf3 e4 8. Qf5 Bd6 9. cxd5 g6 10. Qg5 h6 11. Qh4 g5 12. Qxe4+ Nxe4 13. Nxe4 Be5 14. dxc6 Nxc6 15. Rb1 Qa5 16. a3 f5 17. b4 Qd5 18. Nc3 Bxc3 19. dxc3 O-O-O 0-1

[Event "Kupreichik Memorial Rapid 2019"]
[Site "Minsk"]
[Date "2019.08.16"]
[Round "4.33"]
[White "Sadovnikov, Konstantin"]
[Black "Pogorelov, Aleksey"]
[Result "1-0"]
[ECO "C25"]
[WhiteElo "1798"]
[BlackElo "1548"]
[Annotator "NA"]
[PlyCount "47"]
[EventDate "2019.08.15"]
[EventType "swiss"]
[EventCountry "BLR"]
[SourceTitle "playchess.com"]
[Source "ChessBase"]
[SourceQuality "1"]
[TimeControl "900+10"]

1. e4 e5 2. Nc3 Nc6 3. Bc4 Bc5 4. Qg4 Qf6 5. Nd5 Bxf2+ 6. Kd1 Qg6 7. Nxc7+ Kd8 8. Qxg6 hxg6 9. Nxa8 f5 10. d3 Nf6 11. Nh3 Bc5 12. Ng5 Rf8 13. c3 Bd6 14. Nf7+ Ke7 15. Nxd6 Kxd6 16. b3 Ke7 17. Nc7 a6 18. Nd5+ Kd8 19. Nxf6 gxf6 20. Bh6 Re8 21. Bf7 Re7 22. Bxg6 fxe4 23. dxe4 d6 24. Kc2 1-0

[Event "Kupreichik Memorial Rapid 2019"]
[Site "Minsk"]
[Date "2019.08.16"]
[Round "4.36"]
[White "Ustiugov, Boris"]
[Black "Zvereva, Margarita"]
[Result "0-1"]
[ECO "D00"]
[WhiteElo "1567"]
[BlackElo "1678"]
[Annotator "NA"]
[PlyCount "105"]
[EventDate "2019.08.15"]
[EventType "swiss"]
[EventCountry "BLR"]
[SourceTitle "playchess.com"]
[Source "ChessBase"]
[SourceQuality "1"]
[TimeControl "900+10"]

1. d4 d5 2. Nc3 Nf6 3. g3 e6 4. Bg2 Be7 5. Nf3 Nbd7 6. O-O O-O 7. Re1 Ne4 8. Nxe4 dxe4 9. Nd2 f5 10. c3 Nf6 11. Nc4 Nd5 12. Ne5 Bf6 13. Qb3 c5 14. e3 Qc7 15. f4 Rb8 16. a4 a6 17. c4 Ne7 18. Bd2 cxd4 19. exd4 Nc6 20. Bc3 Nxe5 21. dxe5 Be7 22. Rad1 Bc5+ 23. Kh1 Bd7 24. Qc2 b5 25. b4 Be7 26. axb5 axb5 27. c5 Bc6 28. Qb3 Bd5 29. Qb2 Ra8 30. Ra1 Bc4 31. Rxa8 Rxa8 32. Ra1 Rd8 33. Bf1 Bxf1 34. Rxf1 Qc6 35. Qe2 Rd3 36. Rc1 Qd5 37. Be1 Qc6 38. Kg1 h6 39. Rc3 Rd4 40. Bf2 Rxb4 41. Be3 Rb1+ 42. Kg2 b4 43. Rc2 b3 44. Rb2 Rxb2 45. Qxb2 Qd5 46. Qc3 Bd8 47. c6 Qd3 48. Qc1 Qe2+ 49. Kh3 b2 50. Qb1 Qxe3 51. Qxb2 Qb6 52. Qc3 Bc7 53. Kh4 0-1

[Event "Kupreichik Memorial Rapid 2019"]
[Site "Minsk"]
[Date "2019.08.16"]
[Round "4.38"]
[White "Ostrovskiy, Viktor"]
[Black "Yasiukovich, Sergei"]
[Result "0-1"]
[ECO "B13"]
[WhiteElo "1453"]
[BlackElo "1529"]
[Annotator "NA"]
[PlyCount "58"]
[EventDate "2019.08.15"]
[EventType "swiss"]
[EventCountry "BLR"]
[SourceTitle "playchess.com"]
[Source "ChessBase"]
[SourceQuality "1"]
[TimeControl "900+10"]

1. e4 c6 2. d4 d5 3. exd5 cxd5 4. c4 Nf6 5. Nc3 Nc6 6. Nf3 Bg4 7. Be2 dxc4 8. d5 Na5 9. Bxc4 Nxc4 10. Qa4+ Qd7 11. Qxc4 Bxf3 12. gxf3 Rc8 13. Qd4 g6 14. Be3 Bg7 15. Rd1 b6 16. Qa4 Qxa4 17. Nxa4 O-O 18. Nc3 Rfd8 19. Ke2 Nd7 20. Bd4 Rc4 21. Bxg7 Kxg7 22. Nb5 Rc2+ 23. Rd2 Rxd2+ 24. Kxd2 Ne5 25. Nc3 Nxf3+ 26. Ke3 Ne5 27. b3 Ng4+ 28. Kf4 Nxf2 29. Rf1 Nd3+ 0-1

[Event "Kupreichik Memorial Rapid 2019"]
[Site "Minsk"]
[Date "2019.08.16"]
[Round "4.39"]
[White "Drobyshevsky, Vasily"]
[Black "Lashkevich, Andrei"]
[Result "0-1"]
[ECO "A11"]
[WhiteElo "1441"]
[BlackElo "1447"]
[Annotator "NA"]
[PlyCount "122"]
[EventDate "2019.08.15"]
[EventType "swiss"]
[EventCountry "BLR"]
[SourceTitle "playchess.com"]
[Source "ChessBase"]
[SourceQuality "1"]
[TimeControl "900+10"]

1. c4 c6 2. d4 d6 3. e4 Nd7 4. Nc3 h6 5. Nf3 g5 6. h3 Bg7 7. Be2 Nf8 8. Bd2 Qa5 9. Qc2 Ng6 10. Nd5 Qd8 11. Nc3 a6 12. Qc1 b5 13. d5 b4 14. Nd1 c5 15. a3 bxa3 16. Rxa3 Nf6 17. Bd3 g4 18. hxg4 Nxg4 19. Bc2 N6e5 20. Nxe5 Nxe5 21. Ba4+ Kf8 22. Bxh6 Qa5+ 23. Kf1 Kg8 24. Qg5 Ng6 25. Bc6 Qb4 26. Bxa8 Qxc4+ 27. Kg1 Qxe4 28. Re3 Qc2 29. Re1 Be5 30. g3 f6 31. Qe3 Bg4 32. Nc3 Bd4 33. Rc1 Qxb2 34. Qe1 Ne5 35. Kg2 Bf3+ 36. Kg1 Bxh1 37. Kxh1 Rxh6+ 38. Kg2 Rh7 39. Ne2 Nd3 40. Qf1 Nxc1 41. Nxc1 Qc2 42. Nd3 Qc4 43. Qd1 Rg7 44. Nf4 Qa2 45. Qf3 Qb1 46. Ne6 Rh7 47. Qg4+ Kh8 48. Kf3 Qd1+ 49. Kf4 Qxg4+ 50. Kxg4 Bxf2 51. Kf3 Be1 52. g4 Rh4 53. Kf4 a5 54. Bc6 c4 55. Kf5 c3 56. g5 fxg5 57. Kxg5 c2 58. Kg6 c1=Q 59. Kf7 Rh7+ 60. Ke8 Qb1 61. Nf8 Qb8+ 0-1

[Event "Kupreichik Memorial Rapid 2019"]
[Site "Minsk"]
[Date "2019.08.16"]
[Round "4.40"]
[White "Laptev, Viktor"]
[Black "Kasperovich, Mikhail"]
[Result "0-1"]
[ECO "C01"]
[WhiteElo "1424"]
[BlackElo "1324"]
[Annotator "NA"]
[PlyCount "60"]
[EventDate "2019.08.15"]
[EventType "swiss"]
[EventCountry "BLR"]
[SourceTitle "playchess.com"]
[Source "ChessBase"]
[SourceQuality "1"]
[TimeControl "900+10"]

1. e4 e6 2. d4 d5 3. exd5 exd5 4. Bd3 Nf6 5. h3 h6 6. Nf3 Bd6 7. O-O O-O 8. Be3 Re8 9. c3 c6 10. Nbd2 Ne4 11. Re1 f5 12. Nb3 Nd7 13. c4 Ndf6 14. Rc1 Be6 15. c5 Bc7 16. Ne5 Bxe5 17. dxe5 Nd7 18. f3 Ng5 19. Bf2 f4 20. Bf1 Qc7 21. Qd4 Rf8 22. Bh4 Rf5 23. Bd3 Rxe5 24. Rxe5 Nxe5 25. Bxg5 hxg5 26. Bb1 Re8 27. Re1 Bxh3 28. Rxe5 Qxe5 29. Bg6 Qe1+ 30. Kh2 Qg3+ 0-1

[Event "Kupreichik Memorial Rapid 2019"]
[Site "Minsk"]
[Date "2019.08.16"]
[Round "5.13"]
[White "Vashchilov, Sergey"]
[Black "Paravyan, David"]
[Result "1/2-1/2"]
[ECO "B54"]
[WhiteElo "2162"]
[BlackElo "2605"]
[Annotator "ChessBase"]
[PlyCount "124"]
[EventDate "2019.08.15"]
[EventType "swiss"]
[EventCountry "BLR"]
[SourceTitle "playchess.com"]
[Source "ChessBase"]
[SourceQuality "1"]
[TimeControl "900+10"]

1. e4 c5 2. Nf3 d6 3. d4 cxd4 4. Nxd4 Nf6 5. f3 e5 6. Nb3 Be6 7. c4 a5 8. Be3 b5 9. cxb5 a4 10. N3d2 d5 11. Bd3 Nbd7 12. O-O Bc5 13. Bxc5 Nxc5 14. Qe2 O-O 15. Na3 Qb6 16. Kh1 Rfd8 17. Rfd1 Nxd3 18. Qxd3 dxe4 19. Qe2 exf3 20. Nxf3 Ng4 21. Rxd8+ Rxd8 22. h3 Nf2+ 23. Kh2 e4 24. Ne5 h5 25. Rf1 e3 26. Nec4 Bxc4 27. Nxc4 Qxb5 28. Qxe3 Qxc4 29. Rxf2 Qxa2 30. Qg5 Qd5 31. Qxd5 Rxd5 32. Rf4 Ra5 33. Rb4 g5 34. h4 g4 35. Kg3 Kg7 36. Kf4 Kg6 37. Rb6+ f6 38. Rb4 Kf7 39. Rb7+ Ke6 40. Rb6+ Kf7 41. Rb7+ Kg6 42. Rb4 Kg7 43. Rb7+ Kf8 44. Rb8+ Ke7 45. Rb7+ Kd6 46. Rb6+ Kc5 47. Rxf6 Kc4 48. Rc6+ Kb3 49. Rb6+ Kc4 50. Rc6+ Kd3 51. Rc3+ Kd4 52. Rc8 Rb5 53. Ra8 Rb4 54. Kg5 Ke3 55. Kxh5 g3 56. Rf8 Rxb2 57. Rf3+ Ke4 58. Rxg3 Rb5+ 59. Kg6 Ra5 60. Ra3 Kf4 61. g3+ Kg4 62. Kf6 Ra8 1/2-1/2

[Event "Kupreichik Memorial Rapid 2019"]
[Site "Minsk"]
[Date "2019.08.16"]
[Round "5.14"]
[White "Shaban, Alena"]
[Black "Mikhailovsky, Vladimir"]
[Result "0-1"]
[ECO "A05"]
[WhiteElo "2030"]
[BlackElo "2209"]
[Annotator "NA"]
[PlyCount "94"]
[EventDate "2019.08.15"]
[EventType "swiss"]
[EventCountry "BLR"]
[SourceTitle "playchess.com"]
[Source "ChessBase"]
[SourceQuality "1"]
[TimeControl "900+10"]

1. Nf3 Nf6 2. g3 b5 3. Bg2 Bb7 4. O-O e6 5. d3 d5 6. Nbd2 Be7 7. c4 dxc4 8. dxc4 b4 9. a3 c5 10. axb4 cxb4 11. Nb3 Qc8 12. Na5 Be4 13. Ne5 Bxg2 14. Kxg2 O-O 15. Be3 Nfd7 16. Nxd7 Nxd7 17. Qc2 Bc5 18. Bxc5 Nxc5 19. Nb3 Qc6+ 20. f3 Rfd8 21. Rfd1 Nxb3 22. Qxb3 Qc5 23. Qc2 h5 24. b3 Qe3 25. Ra4 a5 26. Rxa5 h4 27. Rxa8 Rxa8 28. Qd3 Qe5 29. Qd2 g6 30. Kf2 Qf5 31. Qxb4 Qh3 32. gxh4 Qxh2+ 33. Ke3 Qe5+ 34. Kf2 Ra2 35. Rd2 Qh2+ 36. Ke3 Qg1+ 37. Kd3 Qb1+ 38. Ke3 Qg1+ 39. Ke4 Ra8 40. c5 Qg3 41. c6 Rb8 42. Qc3 Qxh4+ 43. Ke3 Qg5+ 44. Kf2 Qh4+ 45. Ke3 Qg5+ 46. f4 Qg3+ 47. Ke4 Qxc3 0-1

[Event "Kupreichik Memorial Rapid 2019"]
[Site "Minsk"]
[Date "2019.08.16"]
[Round "5.15"]
[White "Veremeichik, Vladimir"]
[Black "Siniauski, Artsiom"]
[Result "1/2-1/2"]
[ECO "E32"]
[WhiteElo "2282"]
[BlackElo "2142"]
[Annotator "NA"]
[PlyCount "112"]
[EventDate "2019.08.15"]
[EventType "swiss"]
[EventCountry "BLR"]
[SourceTitle "playchess.com"]
[Source "ChessBase"]
[SourceQuality "1"]
[TimeControl "900+10"]

1. d4 Nf6 2. c4 e6 3. Nc3 Bb4 4. Qc2 O-O 5. a3 Bxc3+ 6. Qxc3 d5 7. Nf3 b6 8. Bg5 Nbd7 9. cxd5 exd5 10. Rc1 c5 11. dxc5 bxc5 12. e3 Qb6 13. Bxf6 Nxf6 14. Qxc5 Qxb2 15. Qc3 Rb8 16. Bd3 Ne4 17. Qxb2 Rxb2 18. O-O Rb3 19. Bxe4 dxe4 20. Nd2 Rxa3 21. Nxe4 Bf5 22. Nd6 Be6 23. Ra1 Rxa1 24. Rxa1 Ra8 25. Ra6 Kf8 26. f4 Ke7 27. e4 f6 28. Kf2 Bd7 29. h3 Rb8 30. Nc4 Rb4 31. Nd2 Ra4 32. Rxa4 Bxa4 33. Ke3 Bb5 34. Nb3 Kd6 35. Nd4 Bd7 36. Kd3 Kc5 37. Kc3 a6 38. Nb3+ Kb6 39. Kd4 a5 40. Nc5 Bc6 41. Ne6 a4 42. Nxg7 Bxe4 43. Ne8 a3 44. Kc3 f5 45. g4 fxg4 46. hxg4 Bf3 47. Nf6 Bxg4 48. Nxg4 h5 49. Nf2 Kc5 50. Kb3 Kd4 51. Kxa3 h4 52. Kb3 Ke3 53. f5 Kxf2 54. f6 h3 55. f7 h2 56. f8=Q+ Kg2 1/2-1/2

[Event "Kupreichik Memorial Rapid 2019"]
[Site "Minsk"]
[Date "2019.08.16"]
[Round "5.17"]
[White "Naumovich, Yaroslav"]
[Black "Smirnov, Valerij"]
[Result "0-1"]
[ECO "A04"]
[WhiteElo "1868"]
[BlackElo "2261"]
[Annotator "NA"]
[PlyCount "112"]
[EventDate "2019.08.15"]
[EventType "swiss"]
[EventCountry "BLR"]
[SourceTitle "playchess.com"]
[Source "ChessBase"]
[SourceQuality "1"]
[TimeControl "900+10"]

1. Nf3 c5 2. e3 g6 3. d4 Bg7 4. c4 Nf6 5. Nc3 O-O 6. Be2 cxd4 7. exd4 d5 8. O-O Nc6 9. h3 dxc4 10. Bxc4 Na5 11. Bd3 Be6 12. Re1 Bc4 13. Bxc4 Nxc4 14. Qe2 Qc8 15. Bg5 e6 16. Rac1 Nb6 17. Ne5 Qe8 18. Bxf6 Bxf6 19. Ne4 Be7 20. Rc7 Rb8 21. Rec1 Nd5 22. R7c4 f6 23. Nd3 Qf7 24. Nec5 Bxc5 25. Rxc5 Rfe8 26. Qf3 Rbd8 27. Nf4 Nxf4 28. Qxf4 Rd7 29. Rc8 Rxc8 30. Rxc8+ Kg7 31. h4 Qe7 32. h5 g5 33. Qe4 Qd6 34. g4 a6 35. a3 Kh6 36. Rc3 Qf4 37. Qxe6 Rxd4 38. Rg3 Rd1+ 39. Kg2 Rd4 40. Qe7 Qe4+ 41. Qxe4 Rxe4 42. b4 b5 43. Kh3 Rf4 44. Kg2 f5 45. f3 Rc4 46. gxf5 Rf4 47. Kf2 Rxf5 48. Ke3 Kxh5 49. Ke4 Rf4+ 50. Ke5 Kh4 51. Rg1 Rxf3 52. Kd5 h5 53. Kc5 Rxa3 54. Rh1+ Kg4 55. Rg1+ Kf5 56. Rf1+ Kg6 0-1